 Dungeon Crawl Stone Soup version 0.20-a0-17-g69bea3c (webtiles) character file.

125 KristoblXynda the Twirler (level 4, -2/36 HPs)
             Began as a Draconian Gladiator on Nov 5, 2016.
             Slain by Grinder (5 damage)
             ... while paralysed by Grinder
             ... on level 3 of the Dungeon.
             The game lasted 00:03:16 (2181 turns).

KristoblXynda the Twirler (Draconian Gladiator)     Turns: 2181, Time: 00:03:17

Health: -2/36      AC:  6    Str: 17    XL:     4   Next: 82%
Magic:  4/4        EV:  2    Int:  9    God:
Gold:   123        SH:  0    Dex: 12    Spells: 0 memorised, 3 levels left

rFire  . . .     SeeInvis .     a - +0 quarterstaff
rCold  . . .     Gourm    .     (armour unavailable)
rNeg   . . .     Faith    .     (shield currently unavailable)
rPois  .         Spirit   .     b - +1 hat
rElec  .         Reflect  .     (no cloak)
rCorr  .         Harm     .     (no gloves)
MR     .....                    (no boots)
Stlth  +.........               (no amulet)
                                (no ring)
                                (no ring)

@: paralysed
A: unfitting armour, cold-blooded, AC +5
a: no special abilities


You were on level 3 of the Dungeon.
You were not hungry.

You visited 1 branch of the dungeon, and saw 3 of its levels.

You collected 123 gold pieces.

Inventory:

Hand Weapons
 a - a +0 quarterstaff (weapon)
Missiles
 c - 3 throwing nets (quivered)
Armour
 b - a +1 hat (worn)
 f - a +0 shield
Scrolls
 g - a scroll of recharging
 j - 3 scrolls of fog
 k - 2 scrolls of identify
 l - 2 scrolls of enchant armour
 m - a scroll of amnesia {unknown}
Comestibles
 d - 2 bread rations
 i - a beef jerky


   Skills:
 - Level 2.1 Fighting
 + Level 4.0 Staves
 + Level 2.6 Throwing
 + Level 3.9 Dodging


You had 3 spell levels left.
You didn't know any spells.

Dungeon Overview and Level Annotations

Branches:
Dungeon (3/15)

Altars:

Annotations:
D:2 Sigmund
D:3 Grinder


Innate Abilities, Weirdness & Mutations

Your plain brown scales are hard. (AC +5)
You cannot fit into any form of body armour.
You are cold-blooded and may be slowed by cold attacks.


Message History

Grinder hits you.
You barely miss Grinder.
Grinder is severely wounded.
Grinder gestures at you. Pain shoots through your body!
* * * LOW HITPOINT WARNING * * *
You feel better. Grinder misses you.
You hit Grinder but do no damage. You tail-slap Grinder.
Grinder is almost dead.
Grinder gestures at you.
You suddenly lose the ability to move!
Grinder hits you.
* * * LOW HITPOINT WARNING * * *
You writhe in agony.
* * * LOW HITPOINT WARNING * * *
Grinder gestures at you.
You shrug off the repeated paralysis!
Grinder hits you.
* * * LOW HITPOINT WARNING * * *
Grinder hits you.
You die...

#.....###......†.....#######
..........######...........#
#####.###### ###.#########.#
#.............#.# #.#
##.##.########.#.# #.# #...#.#
#.#.# #.# ...#..#
##.#.#########.# .........
#..5.........#.######
##.#####.####..#@######..........
#.# .........# #..######## #.#
.####..### #..# #.# #.. #..# .#
#.. #..# #.. #### ... .$.. ...#


You could see Grinder.

Vanquished Creatures
  An orc priest (D:3)
  3 adders
  An ooze (D:3)
  2 worms (D:2)
  A leopard gecko (D:2)
  5 orcs (D:3)
  3 giant cockroaches
  7 goblins
  5 hobgoblins
  3 quokkas
  9 bats
  2 frilled lizards
  5 kobolds
  7 rats
54 creatures vanquished.

Notes
Turn   | Place    | Note
-------+----------+-------------------------------------------
     0 | D:1      | KristoblXynda the Draconian Gladiator began the quest for the Orb.
     0 | D:1      | Reached XP level 1. HP: 17/17 MP: 1/1
   259 | D:1      | Reached XP level 2. HP: 24/24 MP: 2/2
   893 | D:2      | Reached XP level 3. HP: 29/29 MP: 3/3
  1587 | D:2      | Noticed Sigmund
  1886 | D:3      | Reached XP level 4. HP: 36/36 MP: 4/4
  1918 | D:3      | Reached skill level 4 in Staves
  2149 | D:3      | Noticed Grinder
  2149 | D:3      | Paralysed by Grinder for 7 turns
  2165 | D:3      | Paralysed by Grinder for 7 turns
  2178 | D:3      | Paralysed by Grinder for 7 turns
  2181 | D:3      | Slain by Grinder

Vault maps used:
D:1:      moated_graveyard_arrival
D:2:      minmay_fountain_box, uniq_sigmund
D:3:      uniq_grinder, uniq_crazy_yiuf_cottage

Skill      XL: |  1  2  3  4 |
---------------+-------------+-----
Dodging        | 3 |  3.9
Throwing       | 2 |  2.6
Staves         | 4 |  4.0
Fighting       | |  2.1

Action                   |  1- 3 |  4- 6 || total
-------------------------+-------+-------++-------
Melee: Quarterstaff      |   106 |    41 ||   147
       Tailslap          |     8 |     6 ||    14
  Use: Scroll            |     7 |       ||     7
       Potion            |       |     3 ||     3
 Stab: Sleeping          |     1 |     1 ||     2
  Eat: Chunk             |     2 |       ||     2
       Bread ration      |     1 |       ||     1
Armor: Skin              |    39 |     5 ||    44
Dodge: Dodged            |    68 |    17 ||    85
